 Dungeon Crawl Stone Soup version 0.27-a0-1232-gc6a4cbde82 (webtiles) character file.

Game seed: 419134815712222534

168 mordus the Firebug (level 5, -2/38 HPs)
             Began as a Draconian Fire Elementalist on June 8, 2021.
             Slain by an ice beast (5 damage)
             ... on level 5 of the Dungeon.
             The game lasted 00:09:29 (3900 turns).

mordus the Firebug (Draconian Fire Elementalist)    Turns: 3900, Time: 00:09:30

Health: -2/38      AC:  6    Str: 11    XL:     5   Next: 24%
Magic:  8/9        EV: 12    Int: 16    God:
Gold:   120        SH:  0    Dex: 11    Spells: 9/10 levels left

rFire    . . .     SeeInvis .   b - +6 quarterstaff (vorpal)
rCold    . . .     Faith    .   (shield currently unavailable)
rNeg     . . .     Spirit   .   (armour unavailable)
rPois    .         Reflect  .   h - +0 hat
rElec    .         Harm     .   m - +0 cloak
rCorr    +         Rampage  .   (no gloves)
Will     .....                  (no boots)
Stlth    ++........             (no amulet)
HPRegen  0.12/turn              j - ring of resist corrosion
MPRegen  0.11/turn              (no ring)

@: slowed, very slow
A: AC +5, unfitting armour, cold-blooded
a: no special abilities


You were on level 5 of the Dungeon.
You visited 1 branch of the dungeon, and saw 5 of its levels.

You collected 120 gold pieces.

Inventory:

Hand Weapons
 b - a +6 vorpal quarterstaff (weapon)
 e - a +0 whip of electrocution
Armour
 h - a +0 hat (worn)
 k - a +0 cloak
 m - a +0 cloak (worn)
 n - a +0 kite shield
Jewellery
 j - a ring of resist corrosion (left hand)
Wands
 f - a wand of acid (6)
Scrolls
 a - a scroll of amnesia
 d - 2 scrolls of identify
Potions
 c - 4 potions of attraction
 l - a potion of mutation
 o - a potion of brilliance {unknown}


   Skills:
 + Level 0.9 Staves
 - Level 1.7 Dodging
 - Level 1.7 Stealth
 + Level 3.1 Spellcasting
 - Level 2.0 Conjurations
 * Level 4.8 Fire Magic


You had 9 spell levels left.
You knew the following spells:

 Your Spells              Type           Power      Damage    Failure   Level
a - Foxfire               Conj/Fire      52%        2x1d6     4%          1

Your spell library contained the following spells:

 Spells                   Type           Power      Damage    Failure   Level
 Conjure Flame            Conj/Fire      13%        6-21      14%         3
 Inner Flame              Hex/Fire       10%        N/A       21%         3
 Sticky Flame             Conj/Fire      13%        2d4       41%         4
 Fireball                 Conj/Fire      6%         3d5       77%         5


Dungeon Overview and Level Annotations

Branches:
Dungeon (5/15)
 Temple: D:4-7

Altars:
The Shining One


Innate Abilities, Weirdness & Mutations

Your plain brown scales are hard. (AC +5)
You cannot fit into any form of body armour.
You are cold-blooded and may be slowed by cold attacks.


Message History

You climb downwards.
There is a stone staircase leading up here.
There is a stone staircase leading down here.
You climb downwards.
Found an escape hatch in the ceiling.
There is a stone staircase leading up here.
Sorry, I don't know how to get there.
There is an escape hatch in the ceiling here.
An ice beast comes into view.
Casting: Foxfire (safe; 4% risk of failure)
Confirm with . or Enter, or press ? or * to list all spells.
You conjure some foxfire!
The foxfire hits the ice beast.
The ice beast is lightly wounded.
The foxfire hits the ice beast.
The ice beast melts!
The ice beast is lightly wounded.
Casting: Foxfire (safe; 4% risk of failure)
Confirm with . or Enter, or press ? or * to list all spells.
You conjure some foxfire!
The foxfire hits the ice beast but does no damage.
The ice beast is lightly wounded.
The foxfire hits the ice beast.
The ice beast is lightly wounded.
The ice beast barely misses you.
You closely miss the ice beast.
The ice beast is lightly wounded.
The ice beast hits you. The ice beast freezes you!
You feel yourself slow down.
You closely miss the ice beast.
The ice beast is lightly wounded.
You feel yourself speed up.
The ice beast hits you but does no damage.
The ice beast hits you. The ice beast freezes you!
You feel yourself slow down.
* * * LOW HITPOINT WARNING * * *
You thump the ice beast!
The ice beast is heavily wounded.
The ice beast hits you.
* * * LOW HITPOINT WARNING * * *
The ice beast freezes you.
You feel as though you will be slow longer.
You die...

###
################.#
#<.<............@#
################Y#
#.# #.# #.# #.#
..# ###


You could see an ice beast.

Vanquished Creatures
  Crazy Yiuf (D:2)
  A gnoll (D:1)
  3 adders
  2 river rats (D:3)
  A worm (D:3)
  A dart slug (D:1)
  An orc (D:3)
  6 ball pythons
  5 bats
  6 endoplasms
  2 giant cockroaches (D:3)
  5 goblins
  7 hobgoblins
  10 jackals
  3 quokkas
  2 frilled lizards (D:3)
  9 kobolds
  10 rats
75 creatures vanquished.

Vanquished Creatures (others)
  144 foxfires
144 creatures vanquished.

Grand Total: 219 creatures vanquished

Notes
Turn   | Place    | Note
-------+----------+-------------------------------------------
     0 | D:1      | mordus the Draconian Fire Elementalist began the quest for
                  | the Orb.
     0 | D:1      | Reached XP level 1. HP: 14/14 MP: 3/3
   431 | D:1      | Reached XP level 2. HP: 17/20 MP: 1/5
   869 | D:1      | Reached XP level 3. HP: 26/26 MP: 2/6
  1618 | D:2      | Reached skill level 4 in Fire Magic
  1794 | D:2      | You fall into a shaft and drop 2 floors!
  2081 | D:2      | Reached XP level 4. HP: 33/33 MP: 5/8
  2193 | D:2      | Found a faded altar of an unknown god.
  2545 | D:2      | Found a runed translucent door.
  2546 | D:2      | Noticed Crazy Yiuf
  2559 | D:2      | Killed Crazy Yiuf
  3224 | D:3      | Reached XP level 5. HP: 32/38 MP: 2/9
  3441 | D:3      | Found a glowing golden altar of the Shining One.
  3878 | D:5      | Entered Level 5 of the Dungeon
  3892 | D:5      | Noticed an ice beast
  3900 | D:5      | Slain by an ice beast

Illustrated notes

Levels and vault maps discovered:
D:1:      scummos_arrival_simple_crosswalls, layout_rooms, minmay_crystal_room
D:2:      layout_loops_corners, basic_ecumenical_altar, hex_tiny,
          uniq_crazy_yiuf_cottage
D:3:      layout_loops_ring, lemuel_round_altar, portal_sewer_entry_a,
          kennysheep_generic_room_6
D:4:      layout_basic, hangedman_abyss_or_decor_stagger
D:5:      layout_basic, minmay_misc_feat_pillars

Skill      XL: |  1  2  3  4 |
---------------+-------------+-----
Fire Magic     | 4 |  4.8
Conjurations   | 2 |  2.0
Spellcasting   | 3 |  3.1
Staves         | |  0.9
Dodging        | |  1.7
Stealth        | |  1.7

Action                   |  1- 3 |  4- 6 || total
-------------------------+-------+-------++-------
Melee: Unarmed           |     6 |       ||     6
       Tailslap          |     4 |     1 ||     5
       Dagger            |    29 |       ||    29
       Whip              |    18 |    20 ||    38
       Quarterstaff      |       |    31 ||    31
 Cast: Foxfire           |    57 |    24 ||    81
  Use: Scroll            |       |     8 ||     8
       Potion            |       |     3 ||     3
 Stab: Sleeping          |     1 |       ||     1
Armor: Skin              |    20 |    19 ||    39
Dodge: Dodged            |    47 |    27 ||    74

Table legend: (Time is in decaauts)
 A = Elapsed time spent in this place.
 B = Non-inter-level travel time spent in this place.
 C = Inter-level travel time spent in this place.
 D = Time resting spent in this place.
 E = Time spent auto-exploring this place.
 F = Levels seen in this place.
 G = Mean time per level.
                   A        B        C        D        E       F      G
               +--------+--------+--------+--------+--------+-----+--------+
         Total |   3927 |   3762 |    165 |    415 |   2725 |   5 |  785.4 |
       Dungeon |   3927 |   3762 |    165 |    415 |   2725 |   5 |  785.4 |
               +--------+--------+--------+--------+--------+-----+--------+

Top non-repeatable levels by time:
     D:2: 1416 daAuts
     D:1: 1395 daAuts
     D:3: 802 daAuts
     D:4: 290 daAuts
     D:5: 23 daAuts
